 Dungeon Crawl Stone Soup version 0.15-a0-734-g2b8d6ef (webtiles) character file.

79 PolkaDot the Caller (level 4, -10/30 HPs)
             Began as a Vampire Summoner on May 11, 2014.
             Killed by divine providence
             ... invoked by an orc priest
              (16 damage)
             ... on Level 3 of the Dungeon.
             The game lasted 00:10:55 (2281 turns).

PolkaDot the Caller (Vampire Summoner)              Turns: 2281, Time: 00:10:58

HP -10/30        AC  2     Str  7      XL: 4   Next: 16%
MP   2/8         EV 18     Int 18      God:
Gold 137         SH  0     Dex 19      Spells:  3 memorised,  2 levels left

rFire  . . .     SeeInvis +     g - +0 dagger
rCold  . . .     Clarity  .     a - +0 robe
rNeg   . . .     Conserve .     (no shield)
rPois  .         rCorr    .     (no helmet)
rElec  .         rRot     .     (no cloak)
SustAb . .       Spirit   .     (no gloves)
rMut   .         Warding  .     (no boots)
Gourm  .         Stasis   .     (no amulet)
MR     .....                    (no ring)
                                (no ring)

@: regenerating quickly, agile, not resistant to hostile enchantments, stealthy
A: fangs 3, see invisible, unbreathing
a: no special abilities


You were on level 3 of the Dungeon.
You were very full.

You visited 1 branch of the dungeon, and saw 3 of its levels.

You collected 137 gold pieces.

Inventory:

Hand weapons
 g - a +0,+0 dagger (weapon)
Missiles
 h - 47 darts (quivered)
 r - 14 exploding darts
Armour
 a - a +0 robe (worn)
Magical devices
 m - a wand of slowing (11)
Scrolls
 d - 2 scrolls of fear {unknown}
 e - a scroll of blinking {unknown}
 j - a scroll of teleportation {unknown}
 l - a scroll of identify {unknown}
 o - a scroll of amnesia {unknown}
 p - 3 scrolls of remove curse {unknown}
Potions
 c - a potion of heal wounds {unknown}
 f - a potion of agility
 i - 2 potions of curing {unknown}
 k - a potion of might {unknown}
 n - a potion of haste {unknown}
 q - a potion of paralysis {unknown}
 s - a potion of resistance {unknown}
Books
 b - a book of Callings

   Spells                             Type                      Level
   *Summon Small Mammal               Summoning                    1
   *Call Imp                          Summoning                    2
   *Call Canine Familiar              Summoning                    3
   Summon Guardian Golem              Hexes/Summoning              4
   Summon Lightning Spire             Summoning/Air                4
   Summon Ice Beast                   Ice/Summoning                4


   Skills:
 - Level 2.1 Dodging
 - Level 3.0 Stealth
 * Level 2.5 Spellcasting
 + Level 5.4 Summonings


You had 2 spell levels left.
You knew the following spells:

 Your Spells              Type           Power        Failure   Level  Hunger
a - Summon Small Mammal   Summ           ###.         1%          1    #......
d - Call Canine Familiar  Summ           ###.....     6%          3    ###....
s - Call Imp              Summ           ###.....     2%          2    ##.....


Dungeon Overview and Level Annotations

Branches:
Dungeon (3/15)

Altars:
Cheibriados


Innate Abilities, Weirdness & Mutations

Your natural rate of healing is unusually fast.
You have razor-sharp teeth.*
You have supernaturally acute eyesight.
You can survive without breathing.*


Message History

The orc barely misses your hound.
Casting: Call Imp
Confirm with . or Enter, or press ? or * to list all spells.
A beastly little devil appears in a puff of frigid air.
* * * LOW MAGIC WARNING * * *
Your hound bites the orc but does no damage.
The orc priest calls down the wrath of Beogh upon you.
Something smites you!
Ouch! That really hurt!
* * * LOW HITPOINT WARNING * * *
The orc barely misses your hound.
Your hound bites the orc but does no damage.
Drink which item? (? for menu, Esc to quit)
You feel agile all of a sudden.
It was a potion of agility.
Your hound disappears in a puff of smoke!
The orc priest mumbles some strange prayers to Beogh against you.
Something smites you!
Ouch! That really hurt!
You die... o

#o #. #. #. #.
#.
#######.#######
...(.(..ooo§5@#
#######.#####5#
#. #5# #. #.#
.. #.# #.# #.#
#.# #.# . #.##
#.# ... ...#
#.#


You could see an orc priest, 2 orcs, a friendly crimson imp and 2 friendly white
imps.

Vanquished Creatures
  2 giant geckos
  2 oozes
  A giant cockroach (D:2)
  5 hobgoblins
  3 kobolds
  2 quokkas (D:3)
  A bat (D:1)
  A giant newt (D:3)
  7 goblins
  13 rats
37 creatures vanquished.

Vanquished Creatures (collateral kills)
  3 adders (D:2)
  A gnoll (D:2)
  A giant mite (D:2)
  An ooze (D:1)
  An orc (D:2)
  A giant cockroach (D:1)
  2 goblins (D:1)
  4 hobgoblins
  4 kobolds (D:1)
  2 bats (D:1)
  2 giant newts (D:1)
  3 rats (D:1)
25 creatures vanquished.

Vanquished Creatures (others)
  A quokka (D:1)
  2 bats (D:1)
  A rat (D:1)
4 creatures vanquished.

Grand Total: 66 creatures vanquished

Notes
Turn   | Place    | Note
--------------------------------------------------------------
     0 | D:1      | PolkaDot, the Vampire Summoner, began the quest for the Orb.
     0 | D:1      | Reached XP level 1. HP: 13/13 MP: 3/3
   334 | D:1      | Reached XP level 2. HP: 19/19 MP: 0/4
  1018 | D:1      | Reached skill level 5 in Summonings
  1029 | D:1      | Reached XP level 3. HP: 18/24 MP: 0/6
  1223 | D:2      | Learned a level 3 spell: Call Canine Familiar
  1226 | D:2      | Learned a level 2 spell: Call Imp
  1339 | D:2      | Found a snail-covered altar of Cheibriados.
  2046 | D:3      | Reached XP level 4. HP: 30/30 MP: 8/8
  2281 | D:3      | Killed from afar by an orc priest

Action                   |  1- 3 |  4- 6 || total
-------------------------+-------+-------++-------
Melee: Unarmed           |    45 |       ||    45
       Dagger            |    78 |    38 ||   116
Throw: Dart              |     5 |    22 ||    27
 Cast: Summon Small Mamm |    35 |       ||    35
       Call Imp          |     3 |     3 ||     6
       Call Canine Famil |     3 |     1 ||     4
  Use: Potion            |     1 |     1 ||     2
 Stab: Sleeping          |     4 |       ||     4
       Distracted        |     1 |       ||     1
